AoeStats
← Match Point

Arabia

510008497Analyzed
1v1 RM · 5d ago on Sep 29, 2026· 54m 20s· 2 players
Game mode
Random Map
Map size
Tiny (2 player)
Population
200
Speed
Normal
Resources
Standard
Victory
Conquest
Starting age
Dark Age
Ending age
Imperial Age
RankedLock teamsTeams togetherTeam positionsShared explorationLock speedFull tech treeHidden civsTurbo modeCheats
Victory
Defeat
🇨🇴 Lithuanians · Colombia
1264
+17
🇺🇸 Britons · United States
1287
-17
Match Point
9:02 Feudal Age
13:42 Double-Bit Axe
18:40 Castle Age
18:04 Scale Barding Armor
18:10 Forging
18:51 Forging
19:36 Husbandry
24:47 Wheelbarrow
25:50 Horse Collar
30:10 Imperial Age
30:13 Chain Barding Armor
31:07 Town Watch
33:29 Iron Casting
32:55 Scale Mail Armor
36:34 Loom
38:46 Cavalier
39:37 Bloodlines
39:51 Fletching
40:31 Bodkin Arrow
41:23 Bracer
41:23 Padded Archer Armor
43:01 Gold Mining
43:01 Stone Mining
43:28 Hand Cart
43:51 Plate Barding Armor
48:50 Stone Shaft Mining
Time2PopOff
8:45 Loom
10:58 Feudal Age
15:37 Castle Age
13:58 Double-Bit Axe
16:53 Fletching
18:23 Bodkin Arrow
24:57 Ballistics
33:20 Imperial Age
34:07 Bracer
34:29 Yeomen
35:42 Chemistry
Connection lost

Rejoining the realm…

Still unreachable

The connection could not be restored.

Session expired

The server has moved on; the page needs a fresh start.